 Dungeon Crawl Stone Soup version 0.18.1-47-g9310371 (webtiles) character file.

30 sleepydude the Chucker (level 3, 0/36 HPs)
             Began as an Ogre Hunter on June 16, 2016.
             Succumbed to an adder's poison
             ... on level 2 of the Dungeon.
             The game lasted 00:08:33 (1264 turns).

sleepydude the Chucker (Ogre Hunter)                Turns: 1264, Time: 00:08:33

Health: 0/36       AC:  3    Str: 18    XL:     3   Next: 20%
Magic:  3/3        EV: 10    Int: 10    God:
Gold:   8          SH:  0    Dex: 10    Spells: 0 memorised, 2 levels left

rFire  . . .     SeeInvis .     e - +0 club
rCold  . . .     Gourm    .     b - +0 robe
rNeg   . . .     Faith    .     (no shield)
rPois  .         Spirit   .     (helmet restricted)
rElec  .         Dismiss  .     (no cloak)
rCorr  .         Reflect  .     (gloves unavailable)
SustAt +         Harm     .     (boots unavailable)
MR     .....                    (no amulet)
Stlth  +.........               (no ring)
                                i - ring of sustain attributes

@: lethally poisoned (0 -> -10), not resistant to hostile enchantments, very
unstealthy
A: unfitting armour, tough skin 1
a: no special abilities


You were on level 2 of the Dungeon.
You were not hungry.

You visited 1 branch of the dungeon, and saw 2 of its levels.

You collected 8 gold pieces.

Inventory:

Hand Weapons
 e - a +0 club (weapon)
Missiles
 d - 2 throwing nets (quivered)
Armour
 b - a +0 robe (worn)
Jewellery
 i - a ring of sustain attributes (left hand)
Scrolls
 k - a scroll of identify {unknown}
Potions
 a - a potion of magic {unknown}
 h - a potion of heal wounds {unknown}
 j - a potion of curing {unknown}
 l - a potion of resistance {unknown}
Comestibles
 f - a bread ration
 g - a royal jelly


   Skills:
 - Level 2.6 Fighting
 + Level 1.8 Maces & Flails
 + Level 4.2 Throwing
 + Level 2.2 Dodging
 - Level 1.0 Stealth
 - Level 0.5 Unarmed Combat


You had 2 spell levels left.
You didn't know any spells.

Dungeon Overview and Level Annotations

Branches:
Dungeon (2/15)

Altars:
Dithmenos
Makhleb


Innate Abilities, Weirdness & Mutations

You are too large for most types of armour.
You have tough skin (AC +1).


Message History

* * * LOW HITPOINT WARNING * * *
You are too injured to fight recklessly!
You are too injured to fight recklessly!
You closely miss the adder.
The adder is severely wounded.
The adder bites you but does no damage. The adder barely misses you.
You closely miss the adder.
The adder is severely wounded.
You feel sick. The adder bites you.
* * * LOW HITPOINT WARNING * * *
You are lethally poisoned!
The adder poisons you!
You hit the adder.
The adder is severely wounded.
* * * LOW HITPOINT WARNING * * *
You feel sick. The adder bites you but does no damage. The adder bites you.
* * * LOW HITPOINT WARNING * * *
You miss the adder.
The adder is severely wounded.
You die...

.(. #....##......_....... ....
#................###.
....######..#.##......###.###.
......(.......................
.....S......#.##...##.##..###.
...........[#.##...##.##..# #.
...###.##..#.##..........###.
............S.................
............#@##...##.#.......
...##.#.##..#.##..............
.. #.#.##..#.##.####.#...#...
......................#...
...........##.####.....#...
..........#.##.# #.....#...
#####....#.# .# #..#..#...
##...#.# ........... #...#.#
####.#..#...


You could see an adder.

Vanquished Creatures
  A worm (D:2)
  A dart slug (D:1)
  A giant gecko (D:2)
  4 bats
  2 giant cockroaches
  6 goblins
  2 hobgoblins (D:1)
  2 kobolds (D:1)
  A giant newt (D:1)
  2 rats (D:1)
22 creatures vanquished.

Notes
Turn   | Place    | Note
--------------------------------------------------------------
     0 | D:1      | sleepydude the Ogre Hunter began the quest for the Orb.
     0 | D:1      | Reached XP level 1. HP: 22/22 MP: 1/1
   278 | D:1      | Reached skill level 1 in Stealth
   551 | D:1      | Reached XP level 2. HP: 29/29 MP: 2/2
   584 | D:1      | Reached skill level 1 in Maces & Flails
   957 | D:2      | Found a burning altar of Makhleb.
   989 | D:2      | Found a shadowy altar of Dithmenos.
  1008 | D:2      | Reached XP level 3. HP: 13/36 MP: 3/3
  1263 | D:2      | HP: 1/36 [adder (5)]
  1264 | D:2      | Succumbed to an adder's poison

Skill      XL: |  1  2 |
---------------+-------+-----
Stealth        | 1 |  1.0
Dodging        | 2 |  2.2
Maces & Flails | 1 |  1.8
Fighting       | |  2.6
Throwing       | |  4.2
Unarmed Combat | |  0.5

Action                   || total
-------------------------++-------
Melee: Unarmed           ||    14
       Club              ||    96
Throw: Large rock        ||    10
       Throwing net      ||     1
 Stab: Sleeping          ||     1
       Held in net/web   ||     1
  Eat: Chunk             ||     1
Armor: Robe              ||    50
Dodge: Dodged            ||    78
